 Dungeon Crawl Stone Soup version 0.31-a0-631-g285b096dc4 (webtiles) character file.

Game seed: 10118418155572001516

1 subawu the Gusty (level 1, -2/14 HPs)
             Began as a Draconian Air Elementalist on Aug 25, 2023.
             Frozen to death by an endoplasm (4 damage)
             ... on level 1 of the Dungeon.
             The game lasted 00:00:26 (69 turns).

subawu the Gusty (Draconian Air Elementalist)         Turns: 69, Time: 00:00:27

Health: -2/14      AC:  4    Str: 10    XL:     1   Next: 16%
Magic:  3/3        EV: 12    Int: 15    God:
Gold:   3          SH:  0    Dex: 11    Spells: 3/4 levels left

rFire   . . .        c - +0 whip
rCold   . . .        (no shield)
rNeg    . . .        (body armour unavailable)
rPois   .            (helmet restricted)
rElec   .            (no cloak)
rCorr   .            (no gloves)
SInv    .            (no boots)
Will    .....        (no amulet)
Stlth   ++           (no ring)
HPRegen 0.22/turn    (no ring)
MPRegen 0.08/turn

%: no passive effects
@: no status effects
A: AC +4, unfitting armour, cold-blooded
a: no special abilities


You were on level 1 of the Dungeon.
You visited 1 branch of the dungeon, and saw 1 of its levels.

You collected 3 gold pieces.

Inventory:

Hand Weapons
 c - a +0 whip (weapon)
Missiles
 b - 5 stones
Potions
 a - a potion of magic


   Skills:
 + Level 1.8 Dodging
 + Level 1.8 Stealth
 + Level 2.0 Spellcasting
 + Level 1.0 Conjurations
 + Level 3.0 Air Magic


You had 3 spell levels left.
You knew the following spells:

 Your Spells              Type           Power      Damage    Failure   Level
a - Shock                 Conj/Air       28%        1d4       10%         1

Your spell library contained the following spells:

 Spells                   Type           Power      Damage    Failure   Level
 Static Discharge         Conj/Air       14%        2-3/arc   14%         2
 Swiftness                Air            10%        N/A       19%         3
 Airstrike                Air            5%         2d(1-17)  54%         4


Dungeon Overview and Level Annotations

Branches:
Dungeon (1/15)

Altars:


Innate Abilities, Weirdness & Mutations

Your plain brown scales are hard. (AC +4)
You cannot fit into any form of body armour.
You are cold-blooded and may be slowed by cold attacks.


Message History

An endoplasm comes into view.
A kobold comes into view. It is wielding a +0 short sword.
Okay, then.
c - a +0 whip (weapon)
The endoplasm quivers.
You hit the endoplasm.
The endoplasm is almost dead.
The kobold shouts!
The endoplasm hits you but does no damage.
You hit the endoplasm.
You kill the endoplasm!
An endoplasm comes into view.
The endoplasm quivers.
There is a stone staircase leading down here.
You barely miss the kobold. The kobold closely misses you.
You barely miss the kobold. The kobold completely misses you.
You closely miss the kobold.
The kobold hits you with a +0 short sword. x2
You hit the kobold.
The kobold is moderately wounded.
The endoplasm freezes you.
You are frozen.
You feel yourself slow down.
The kobold hits you with a +0 short sword.
The endoplasm hits you but does no damage.
You closely miss the kobold.
The kobold is moderately wounded.
The kobold misses you.
The endoplasm hits you but does no damage.
You hit the kobold. You punch the kobold, but do no damage.
The kobold is heavily wounded.
The kobold barely misses you. The endoplasm misses you.
The kobold hits you but does no damage. The endoplasm misses you.
You hit the kobold but do no damage.
The kobold is heavily wounded.
You feel yourself speed up.
The kobold hits you with a +0 short sword.
* * * LOW HITPOINT WARNING * * *
The endoplasm freezes you.
You are frozen.
You die...

.####.##..# ####..
...#.#... ##..
#...#.# ##..⌠
####....# ##....
........# #####..⌠..
###...### #........⌠
#.......###.####....
#..KJ.....#.#######.
#.>@....#...........
#####..##########.#.
##..# #.#. ##.# # ##
.# .#


You could see an endoplasm and a kobold.

Vanquished Creatures
  An endoplasm (D:1)
1 creature vanquished.

Notes
Turn   | Place    | Note
-------+----------+-------------------------------------------
     0 | D:1      | subawu the Draconian Air Elementalist began the quest for
                  | the Orb.
     0 | D:1      | Reached XP level 1. HP: 14/14 MP: 3/3
    69 | D:1      | Frozen to death by an endoplasm

Illustrated notes

Levels and vault maps discovered:
D:1:      dpeg_arrival_leaves_temple_mockup, layout_rooms, serial_shops,
          nicolae_shop_peninsula, minmay_misc_feat_chi

Action                     || total
---------------------------++-------
  Melee: Whip              ||     9
         Punch             ||     1
 Armour: Skin              ||     4
  Dodge: Dodged            ||     6

Table legend: (Time is in decaauts)
 A = Elapsed time spent in this place.
 B = Non-inter-level travel time spent in this place.
 C = Inter-level travel time spent in this place.
 D = Time resting spent in this place.
 E = Time spent auto-exploring this place.
 F = Levels seen in this place.
 G = Mean time per level.
                   A        B        C        D        E       F      G
               +--------+--------+--------+--------+--------+-----+--------+
         Total |     70 |     70 |      0 |      0 |      0 |   1 |   70.0 |
       Dungeon |     70 |     70 |      0 |      0 |      0 |   1 |   70.0 |
               +--------+--------+--------+--------+--------+-----+--------+

Top non-repeatable levels by time:
     D:1: 70 daAuts
